Selects Italian Coastal Battlegroup
Construct Infanterie Kompanie
Construct Luftwaffe Kompanie
Selects Designate Defensive Line
Flak 30 Anti-aircraft Gun Team
Flak 30 Anti-aircraft Gun Team
Selects Designated Artillery Overwatch
Selects Artillery Officer
Marder III M Tank Destroyer
Marder III M Tank Destroyer